 Dungeon Crawl Stone Soup version 0.19.1 (webtiles) character file.

104 KarmaPolice the Vandal (level 5, 0/35 HPs)
             Began as a Halfling Hunter on Dec 2, 2016.
             Succumbed to an orc's poison
             ... on level 3 of the Dungeon.
             The game lasted 00:03:51 (3097 turns).

KarmaPolice the Vandal (Halfling Hunter)            Turns: 3097, Time: 00:03:51

Health: 0/35       AC:  3    Str: 17 (18) XL:     5   Next: 7%
Magic:  5/5        EV: 15    Int: 12 (14) God:
Gold:   130        SH:  0    Dex: 15 (16) Spells: 0 memorised, 4 levels left

rFire  . . .     SeeInvis .     b - +0 short sword
rCold  . . .     Gourm    .     c - +0 leather armour
rNeg   . . .     Faith    .     (shield restricted)
rPois  .         Spirit   .     (helmet restricted)
rElec  .         Reflect  .     (no cloak)
rCorr  .         Harm     .     (no gloves)
MR     .....                    (no boots)
Stlth  ++........               (no amulet)
                                (no ring)
                                (no ring)

@: mighty, brilliant, lethally poisoned (0 -> -11)
A: horns 1, mutation resistance 1
a: no special abilities


You were on level 3 of the Dungeon.
You were very hungry.

You visited 1 branch of the dungeon, and saw 3 of its levels.

You collected 130 gold pieces.

Inventory:

Hand Weapons
 a - a +1 hunting sling
 b - a +0 short sword (weapon)
Missiles
 d - 38 sling bullets
 j - 77 stones (quivered)
Armour
 c - a +0 leather armour (worn)
 o - a +0 helmet
Scrolls
 h - 2 scrolls of blinking {unknown}
 l - 2 scrolls of identify {unknown}
 m - 2 scrolls of enchant armour {unknown}
 p - 2 scrolls of amnesia {unknown}
 q - 2 scrolls of remove curse {unknown}
Potions
 e - a potion of brilliance
Comestibles
 f - 2 bread rations


   Skills:
 + Level 2.6 Fighting
 + Level 2.4 Short Blades
 + Level 6.4 Slings
 + Level 3.4 Dodging
 - Level 1.1 Stealth


You had 4 spell levels left.
You didn't know any spells.

Dungeon Overview and Level Annotations

Branches:
Dungeon (3/15)

Altars:


Innate Abilities, Weirdness & Mutations

You are small and have problems with some larger weapons.
You are somewhat resistant to further mutation.
You have a pair of small horns on your head.


Message History

* * * LOW HITPOINT WARNING * * *
You feel sick.
It was a potion of brilliance.
You feel clever all of a sudden.
* * * LOW HITPOINT WARNING * * *
You feel sick.
It was a potion of degeneration.
There was something very wrong with that liquid.
You feel weakened.
You feel dopey.
You feel clumsy.
* * * LOW HITPOINT WARNING * * *
You feel sick. The orc barely misses you. The orc hits you with a hand axe.
* * * LOW HITPOINT WARNING * * *
It was a potion of might.
You feel very mighty all of a sudden.
* * * LOW HITPOINT WARNING * * *
You feel sick. The orc misses you. x2
It was a potion of beneficial mutation.
A pair of horns grows on your head!
Your +0 helmet falls away!
You feel fantastic!
You die...

## .. #. #.
#.
#.#######
#...).oo#
....
#.#####@#
....#######
#.#
#..?......#
#.#
#.........#
#.#
#........(#
#.#
#.........#
#.#
#.........#
#.# #'# #.#
#.# #.#


You could see 2 orcs.

Vanquished Creatures
  A hound (D:3)
  An adder (D:2)
  4 oozes
  2 leopard geckos
  An orc (D:3)
  4 giant cockroaches
  8 goblins
  3 hobgoblins
  3 kobolds
  2 ball pythons
  8 bats
  3 frilled lizards
  8 rats
48 creatures vanquished.

Notes
Turn   | Place    | Note
-------+----------+-------------------------------------------
     0 | D:1      | KarmaPolice the Halfling Hunter began the quest for the Orb.
     0 | D:1      | Reached XP level 1. HP: 14/14 MP: 1/1
   148 | D:1      | Reached XP level 2. HP: 18/19 MP: 2/2
   550 | D:1      | Reached skill level 1 in Short Blades
   737 | D:1      | Reached XP level 3. HP: 2/24 MP: 3/3
  1249 | D:2      | Reached skill level 6 in Slings
  1702 | D:2      | Reached XP level 4. HP: 30/30 MP: 4/4
  2675 | D:3      | HP: 1/30 [hound (3)]
  2676 | D:3      | Reached XP level 5. HP: 2/35 MP: 5/5
  2699 | D:3      | HP: 1/35 [ball python (1)]
  3096 | D:3      | HP: 1/35 [poisoned by an orc]
  3097 | D:3      | Gained mutation: You have a pair of small horns on your head. [potion of beneficial mutation]
  3097 | D:3      | Succumbed to an orc's poison

Skill      XL: |  1  2  3  4 |
---------------+-------------+-----
Fighting       | 2 |  2.6
Short Blades   | 1 2 |  2.4
Slings         | 6 |  6.4
Dodging        | 3 |  3.4
Stealth        | |  1.1

Action                   |  1- 3 |  4- 6 || total
-------------------------+-------+-------++-------
Melee: Short sword       |   128 |    91 ||   219
 Fire: Hunting sling     |     1 |       ||     1
  Use: Potion            |       |     4 ||     4
 Stab: Sleeping          |     2 |     2 ||     4
  Eat: Chunk             |     2 |     4 ||     6
Armor: Leather armour    |    32 |    18 ||    50
Dodge: Dodged            |   106 |    80 ||   186
